Map: Kairos Junction LE

Players

zuka - Winner!

  • Race: Protoss Protoss
  • League: Diamond
  • Spawn Location: 11:00

Deckard

  • Race: Zerg Zerg
  • League: Master
  • Spawn Location: 5:00

VOD

Have the link to the VOD?

Description

Time

  • Played on: March 30, 2019, 6:04 p.m.
  • Length: 5:27
Show
View Real Time Build Order
Export as new Build Order

zuka Protoss - Winner!

Build Orders: 1 Gate Expand, Zealot Archon, Archon Drop, Dark Templar Rush 

Get SALT Encoding   

  12  0:01  Probe  
  13  0:13  Probe  
  14  0:19  Pylon  
  14  0:21  Probe  
  15  0:33  Probe  
  15  0:40  Gateway  
  16  0:44  Probe  
  16  0:48  Assimilator  
  17  0:57  Probe  
  18  1:05  Probe  
  18  1:06  Pylon  
  19  1:13  Probe  
  20  1:30  Nexus  
  20  1:37  Cybernetics Core  
  20  1:40  Probe  
  21  1:47  Assimilator  
  21  1:52  Probe  
  22  1:55  Pylon  
  22  2:03  Adept  
  22  2:05  Probe  
  23  2:14  Warp Gate  
  25  2:17  Probe  
  26  2:26  Twilight Council  
  26  2:29  Probe  
  27  2:35  Stalker  
  29  2:41  Probe  
  29  2:42  Probe  
  31  2:53  Probe, Robotics Facility  
  31  2:54  Probe  
  33  3:05  Probe  
  34  3:06  Probe  
  34  3:09  Adept  
  37  3:17  Probe  
  37  3:18  Probe  
  39  3:25  Gateway  
  39  3:29  Probe, Dark Shrine  
  39  3:30  Probe  
  41  3:41  Probe  
  41  3:42  Warp Prism  
  41  3:44  Gateway  
  41  3:45  Gateway  
  41  3:47  Probe  
  43  3:55  Probe  
  46  3:59  Pylon  
  46  4:03  Pylon  
  46  4:07  Assimilator  
  46  4:17  Probe x2  
  48  4:29  Probe x2  
  48  4:30  Nexus  
  50  4:41  Probe  
  50  4:43  Pylon  
  51  4:47  Forge  
  51  4:52  Dark Templar  
  53  4:53  Dark Templar x2  
  53  4:55  Dark Templar  
  59  5:01  Probe x2  
  59  5:05  Pylon  
  61  5:19  Pylon  
  65  5:22  Archon  
  65  5:23  Assimilator, Archon  
Show
View Real Time Build Order
Export as new Build Order

Deckard Zerg 

Build Orders: Hatch First 

Get SALT Encoding   

  12  0:00  Drone  
  13  0:12  Overlord  
  13  0:17  Drone  
  14  0:35  Drone  
  14  0:36  Drone x2  
  17  0:55  Drone  
  17  0:56  Hatchery  
  17  1:00  Drone  
  18  1:13  Spawning Pool  
  17  1:25  Drone x2  
  19  1:28  Extractor  
  18  1:37  Drone  
  19  1:56  Drone x2  
  21  2:08  Queen x2  
  21  2:10  Drone x2  
  27  2:26  Hatchery  
  26  2:31  Zergling x4  
  26  2:36  Metabolic Boost  
  28  2:42  Overlord  
  28  2:52  Drone, Evolution Chamber  
  28  3:00  Drone x3  
  28  3:01  Drone  
  32  3:06  Overlord  
  32  3:10  Drone  
  33  3:22  Zerg Melee Weapons Level 1  
  33  3:26  Overlord  
  34  3:27  Drone x3  
  34  3:29  Drone  
  34  3:31  Drone  
  38  3:40  Baneling Nest  
  37  3:43  Drone  
  37  3:44  Drone x2  
  37  3:45  Drone  
  41  3:55  Drone  
  41  3:56  Drone x2, Extractor  
  41  3:57  Drone x2  
  41  3:58  Drone  
  41  4:00  Drone  
  47  4:10  Lair  
  47  4:13  Queen  
  47  4:14  Drone x2  
  51  4:22  Zergling x2  
  51  4:23  Zergling x8  
  56  4:24  Zergling x2  
  56  4:32  Overlord x2  
  56  4:33  Zergling x2  
  57  4:41  Overlord  
  57  4:42  Overlord  
  57  4:44  Overlord  
  55  5:06  Overlord  
Tags
 
Add a new tag
Caveats
  • Supply blocks, unpowered buildings, or Contaminate may cause inaccurate times.
  • Supply counts are checked every 10 seconds.